 Dungeon Crawl Stone Soup version 0.17.3-4-g93a25c67f4 (webtiles) character file.

1605 TheCummyMummy the Insei (level 8, -12/67 HPs)
             Began as a Mummy Monk on Nov 21, 2023.
             Killed from afar by an orc wizard (15 damage)
             ... with a puff of flame
             ... on level 7 of the Dungeon.
             The game lasted 00:16:49 (12524 turns).

TheCummyMummy the Insei (Mummy Monk)               Turns: 12524, Time: 00:16:49

Health: -12/67     AC:  4    Str: 14    XL:     8   Next: 63%
Magic:  8/8        EV: 14    Int:  9    God:
Gold:   311        SH:  0    Dex: 17    Spells: 0 memorised, 7 levels left

rFire  x . .     SeeInvis .       - Unarmed
rCold  + . .     Clarity  .     (no armour)
rNeg   + + +     SustAt   .     (no shield)
rPois  ∞         Gourm    .     h - +0 helmet
rElec  .         Spirit   .     i - +2 cloak
rCorr  .         Warding  .     (no gloves)
rMut   .         Stasis   .     (no boots)
MR     +....                    (no amulet)
Stlth  ++........               (no ring)
                                (no ring)

@: somewhat resistant to hostile enchantments, unstealthy
A: no food or potions, fire vulnerability, cold resistance 1, negative energy
resistance 3, torment resistance, unbreathing
a: no special abilities


You were on level 7 of the Dungeon.
You were not hungry.

You visited 1 branch of the dungeon, and saw 7 of its levels.

You collected 311 gold pieces.


Innate Abilities, Weirdness & Mutations

You do not eat or drink.
Your flesh is vulnerable to fire.
You are immune to poison.
Your flesh is cold resistant.
You are immune to negative energy.
You are immune to unholy pain and torment.
You can survive without breathing.


   Skills:
 - Level 7.1 Fighting
 - Level 3.4 Dodging
 - Level 1.5 Stealth
 + Level 7.7 Unarmed Combat


You had 7 spell levels left.
You didn't know any spells.

Inventory:

Hand Weapons
 l - the +6 scimitar of Flaming Death (quivered) {sticky flame, rPois rF++ rC- MR+}

   It has been specially enchanted to burn those struck by it, causing extra
   injury to most foes and up to half again as much damage against particularly
   susceptible opponents.
   Big, fiery blades are also staple armaments of hydra-hunters.
   It greatly protects you from fire.
   It makes you vulnerable to cold.
   It protects you from poison.
   It affects your resistance to hostile enchantments.
Armour
 f - a +0 cloak
 h - a +0 helmet (worn)
 i - a +2 cloak (worn)
Jewellery
 o - an uncursed amulet of rage {unknown}
Scrolls
 a - 5 scrolls of remove curse
 b - a scroll of recharging {unknown}
 c - a scroll of random uselessness
 d - a scroll of blinking {!r}
 e - a scroll of teleportation {@r4 !r}
 g - a scroll of noise {!r}
 j - a scroll of amnesia
 k - a scroll of magic mapping {unknown}
 n - a scroll of immolation {!r}
 p - 2 scrolls of fog
 q - 2 scrolls of enchant weapon {unknown}
Comestibles
 m - 5 fruits

Dungeon Overview and Level Annotations

Branches:
Dungeon (7/15)             Temple (0/1) D:4

Altars:
Ashenzari
Nemelex Xobeh
Okawaru
Qazlal
Ru
Yredelemnul

Shops:
D:5 *=!

Annotations:
D:4 Edmund
D:7 exclusion: orc wizard

▒..▒▒........▒▒....
▒▒▒▒▒▒..▒▒........▒▒.▒▒▒
▒.......................
▒.▒▒▒▒▒▒▒▒........▒▒▒.▒▒
▒▒▒▒▒▒.▒▒ ▒▒▒▒▒▒▒▒▒▒
▒..▒ >........▒
▒▒▒▒▒▒▒▒▒▒▒▒▒▒▒..
.)....(..▒
▒................
.........▒
▒▒▒.▒..............
.........▒
▒)M{▒..............
.........▒
▒)▒▒▒............▒.
.........▒ ▒.▒
▒▒.............
.........▒ ▒.▒
▒▒▒.▒▒▒▒▒..... ........o
..▒ ▒.▒ ▒..... ▒▒▒ ▒.▒
▒..... ▒.▒ ▒....▒ ▒.▒
▒....▒ ▒.▒ ▒....▒


There were no monsters in sight!


Message History

A magic dart appears from out of thin air!!!
The magic dart hits you!!! * * * don't die
* * * You take 4 damage, and have 7/67 hp!
Something hits you but does no damage! x2
Something completely misses you!
Things that are here:
a flail; an orc corpse You pummel something like a punching bag!!!
Something barely misses you!
You closely miss something!
You hear some strange, mumbled words!
Something tries to affect you, but you resist!
Something hits you! * * * don't die
* * * You take 4 damage, and have 4/67 hp!
You beat something into a bloody pulp!
Something barely misses you! Something barely misses you!
Something hits you! * * * don't die
* * * You take 2 damage, and have 2/67 hp!
You pummel something like a punching bag!
Reactivating autopickup!
You feel a bit more experienced! Something barely misses you!
Deactivating autopickup; reactivate with Ctrl-A!
You barely miss something! You miss something!
You hear some strange, mumbled words!
A puff of flame appears from out of thin air!!!
The puff of flame hits you!!! The fire burns you terribly!!! rip

Action                   |  1- 3 |  4- 6 |  7- 9 || total
-------------------------+-------+-------+-------++-------
Melee: Unarmed           |   173 |   282 |   327 ||   782
  Use: Scroll            |       |       |     9 ||     9
 Stab: Sleeping          |     4 |     5 |     4 ||    13
       Distracted        |       |       |     2 ||     2

Vault maps used:
D:1:      minmay_arrival_jagged, ashenzari_altar_1
D:3:      lemuel_round_altar, gammafunk_temple_overflow_wave, first_bread,
          uniq_robin
D:4:      gammafunk_temple_overflow_statue, temple_fountains, serial_glass,
          glass_columns_a, glass_columns_a, okawaru_gym_becter, uniq_edmund
D:5:      serial_shops, shop_fountains, shop, nicolae_shop_behind_doors
D:6:      kennysheep_pointless_box

Notes
Turn   | Place    | Note
--------------------------------------------------------------
     0 | D:1      | TheCummyMummy the Mummy Monk began the quest for the Orb.
     0 | D:1      | Reached XP level 1. HP: 18/18 MP: 1/1
   117 | D:1      | Found a shattered altar of Ashenzari.
   343 | D:1      | Reached XP level 2. HP: 13/24 MP: 2/2
  1017 | D:1      | Reached skill level 4 in Unarmed Combat
  1491 | D:1      | Reached XP level 3. HP: 14/29 MP: 3/3
  3112 | D:3      | Noticed Robin
  3312 | D:1      | Reached XP level 4. HP: 25/35 MP: 4/4
  3713 | D:2      | Killed Robin
  4401 | D:3      | Reached skill level 5 in Unarmed Combat
  4701 | D:4      | Reached XP level 5. HP: 32/41 MP: 5/5
  4770 | D:4      | Found a stormy altar of Qazlal.
  4770 | D:4      | Found a basalt altar of Yredelemnul.
  4812 | D:4      | Found an iron altar of Okawaru.
  5306 | D:4      | Found a staircase to the Ecumenical Temple.
  5306 | D:4      | Noticed Edmund
  5482 | D:5      | Entered Level 5 of the Dungeon
  5498 | D:5      | You fall through a shaft for 2 floors!
  5769 | D:6      | Reached skill level 4 in Fighting
  5977 | D:6      | Reached skill level 3 in Dodging
  5977 | D:6      | Reached XP level 6. HP: 41/48 MP: 6/6
  6155 | D:6      | Noticed an ogre
  6434 | D:5      | Noticed a phantom
  6686 | D:5      | Found Asesei's Distillery.
  6825 | D:5      | Found Winueb's Jewellery Emporium.
  6935 | D:4      | Reached skill level 5 in Fighting
  7650 | D:3      | Found a sacrificial altar of Ru.
  7650 | D:3      | Found a shattered altar of Ashenzari.
  7784 | D:3      | Reached XP level 7. HP: 37/56 MP: 7/7
  7986 | D:3      | Found a sparkling altar of Nemelex Xobeh.
  8413 | D:5      | Found Esaev's General Store.
  8946 | D:5      | Reached skill level 6 in Unarmed Combat
  9878 | D:6      | Reached skill level 6 in Fighting
 10277 | D:4      | Killed a phantom
 10616 | D:7      | Noticed an ogre
 10648 | D:7      | Reached XP level 8. HP: 61/64 MP: 8/8
 10653 | D:7      | Noticed a centaur
 10662 | D:7      | Killed a centaur
 10889 | D:7      | Reached skill level 7 in Unarmed Combat
 11376 | D:7      | Noticed a wasp
 11395 | D:7      | Killed a wasp
 11585 | D:7      | Reached skill level 7 in Fighting
 12125 | D:6      | Noticed an orc warrior
 12520 | D:7      | HP: 4/67 [something (4)]
 12524 | D:7      | Killed from afar by an orc wizard

Vanquished Creatures
  A hippogriff (D:7)
  A wasp (D:7)
  A centaur (D:7)
  An ogre (D:7)
  A phantom (D:4)
  2 giant frogs
  2 scorpions (D:5)
  4 crimson imps
  A wasp zombie (D:5)
  A centaur skeleton (D:7)
  A giant frog skeleton (D:4)
  A gnoll shaman (D:4)
  4 hounds
  5 worker ants
  3 orc priests
  An orc wizard (D:7)
  A killer bee zombie (D:6)
  Robin (D:2)
  7 adders
  7 gnolls
  An ooze (D:4)
  An adder zombie (D:5)
  A worm (D:2)
  2 giant geckos
  20 orcs
  5 bats
  8 giant cockroaches
  11 hobgoblins
  8 kobolds
  3 quokkas
  2 ball pythons (D:1)
  4 giant gecko skeletons
  4 giant newts (D:1)
  17 goblins
  4 jackals
  A jackal zombie (D:5)
  10 rats
148 creatures vanquished.
